 Dungeon Crawl Stone Soup version 0.31-a0-965-g8a8ce12e04 (webtiles) character file.

Game seed: 1350090524941952902

12 Pixllover the Ruffian (level 2, 0/23 HPs)
             Began as a Gnoll Shapeshifter on Oct 26, 2023.
             Slain by a jackal (2 damage)
             ... on level 1 of the Dungeon.
             The game lasted 00:00:19 (108 turns).

Pixllover the Ruffian (Gnoll Shapeshifter)           Turns: 108, Time: 00:00:20

Health: 0/23       AC:  2    Str: 13    XL:     2   Next: 33%
Magic:  2/2        EV: 13    Int:  9    God:
Gold:   16         SH:  0    Dex: 11    Spells: 1/1 levels left

rFire   . .          .
                       - Unarmed
rCold   . . .        (no shield)
rNeg    . . .        a - +0 animal skin
rPois   .            (helmet currently unavailable)
rElec   .            (cloak currently unavailable)
rCorr   .            (gloves currently unavailable)
SInv    .            (boots currently unavailable)
Will    .....        (no amulet)
Stlth   +            (no ring)
HPRegen 0.23/turn    (no ring)
MPRegen 0.08/turn

%: no passive effects
@: beast-form
A: beast (slay +3), fangs 1, strong nose, distributed training
a: Begin Untransformation


You were on level 1 of the Dungeon.
You were a hulking beast.
You visited 1 branch of the dungeon, and saw 1 of its levels.

You collected 16 gold pieces.

Inventory:

Armour
 a - a +0 animal skin (worn)
Talismans
 c - a beast talisman
 d - a flux talisman
Potions
 b - a potion of lignification


   Skills:
 + Level 2.5 Fighting
 + Level 0.4 Short Blades
 + Level 0.4 Long Blades
 + Level 0.4 Axes
 + Level 0.4 Maces & Flails
 + Level 0.4 Polearms
 + Level 0.4 Staves
 + Level 0.4 Ranged Weapons
 + Level 0.4 Throwing
 + Level 0.4 Armour
 + Level 4.5 Dodging
 + Level 0.4 Stealth
 + Level 0.4 Shields
 + Level 6.5 Unarmed Combat
 + Level 0.4 Spellcasting
 + Level 0.2 Conjurations
 + Level 0.2 Hexes
 + Level 0.2 Summonings
 + Level 0.2 Necromancy
 + Level 0.2 Translocations
 + Level 0.2 Transmutations
 + Level 0.2 Fire Magic
 + Level 0.2 Ice Magic
 + Level 0.2 Air Magic
 + Level 0.2 Earth Magic
 + Level 0.2 Poison Magic
 + Level 0.5 Invocations
 + Level 0.4 Evocations
 + Level 6.4 Shapeshifting


You had one spell level left.
You didn't know any spells.
Your spell library was empty.

Dungeon Overview and Level Annotations

Branches:
Dungeon (1/15)

Altars:


Innate Abilities, Weirdness & Mutations

You are a hulking beast.
Your limbs bulge with bestial killing power. (Slay +3)
You have very sharp teeth.
Your uncanny sense of smell can sniff out nearby items.
Your experience applies equally to all skills.


Message History

You hit the jackal. You punch the jackal.
The jackal is severely wounded.
The jackal misses you.
The hobgoblin hits you but does no damage.
The jackal closely misses you.
You hit the jackal.
You kill the jackal!
The hobgoblin closely misses you.
You hit the ball python.
You kill the ball python!
The hobgoblin closely misses you.
The hobgoblin attacks as it pursues you!
The hobgoblin hits you.
You see here a jackal corpse.
You hit the hobgoblin.
The hobgoblin is almost dead.
The hobgoblin misses you.
You closely miss the hobgoblin.
The hobgoblin is almost dead.
The hobgoblin hits you.
You hit the hobgoblin but do no damage.
The hobgoblin is severely wounded.
The jackal bites you. The hobgoblin hits you.
* * * LOW HITPOINT WARNING * * *
You hit the hobgoblin.
You kill the hobgoblin!
A jackal comes into view.
The jackal bites you.
* * * LOW HITPOINT WARNING * * *
The jackal barks!
The jackal misses you.
You hit the endoplasm. You bite the endoplasm.
The endoplasm is severely wounded.
The jackal misses you. The endoplasm barely misses you. The jackal misses you.
You punch the jackal!
You kill the jackal!
You barely miss the jackal. The endoplasm hits you.
* * * LOW HITPOINT WARNING * * *
The jackal bites you.
You die...

#....##.#
#..####.#
###..####.#
#.........#
#.##.##.### ∆
#.##.##.# #
#)##.##.#
∆#.##.####J##.##.#
#....[Sghh.....#
∆#.##.###h###.####
# ...# #.# ..##.#
## #.# ∆... #.#
#.#


You could see an endoplasm, 2 jackals, a goblin and a ball python.

Vanquished Creatures
  A bat (D:1)
  A goblin (D:1)
  A hobgoblin (D:1)
  2 jackals (D:1)
  2 quokkas (D:1)
  2 ball pythons (D:1)
  A frilled lizard (D:1)
  A rat (D:1)
11 creatures vanquished.

Notes
Turn   | Place    | Note
-------+----------+-------------------------------------------
     0 | D:1      | Pixllover the Gnoll Shapeshifter began the quest for the
                  | Orb.
     0 | D:1      | Reached XP level 1. HP: 17/17 MP: 1/1
    89 | D:1      | Reached XP level 2. HP: 23/23 MP: 2/2
   108 | D:1      | Slain by a jackal

Illustrated notes

Levels and vault maps discovered:
D:1:      lemuel_arrival_lava_pool, layout_loops_cross, minmay_tall_x

Action                     || total
---------------------------++-------
  Melee: Unarmed           ||    21
         Punch             ||     2
         Bite              ||     1
 Armour: Animal skin       ||    16
  Dodge: Dodged            ||    26

Table legend: (Time is in decaauts)
 A = Elapsed time spent in this place.
 B = Non-inter-level travel time spent in this place.
 C = Inter-level travel time spent in this place.
 D = Time resting spent in this place.
 E = Time spent auto-exploring this place.
 F = Levels seen in this place.
 G = Mean time per level.
                   A        B        C        D        E       F      G
               +--------+--------+--------+--------+--------+-----+--------+
         Total |    105 |    105 |      0 |      0 |     49 |   1 |  105.0 |
       Dungeon |    105 |    105 |      0 |      0 |     49 |   1 |  105.0 |
               +--------+--------+--------+--------+--------+-----+--------+

Top non-repeatable levels by time:
     D:1: 105 daAuts
